AoeStats
← SlowBoy

Arabia

504623424Analyzed
1v1 RM · 26d ago on Sep 6, 2026· 49m 0s· 2 players
Game mode
Random Map
Map size
Tiny (2 player)
Population
200
Speed
Normal
Resources
Standard
Victory
Conquest
Starting age
Dark Age
Ending age
Imperial Age
RankedLock teamsTeams togetherTeam positionsShared explorationLock speedFull tech treeHidden civsTurbo modeCheats
Victory
Defeat
🇦🇷 Hindustanis · Argentina
1566
+21
🇧🇷 Wei · Brazil
1687
-21
SlowBoy
6:25 Loom
9:49 Feudal Age
10:21 Double-Bit Axe
13:15 Horse Collar
15:52 Fletching
17:40 Wheelbarrow
22:28 Castle Age
20:49 Padded Archer Armor
20:50 Gold Mining
23:06 Bodkin Arrow
23:22 Bow Saw
23:34 Bloodlines
23:41 Husbandry
24:17 Leather Archer Armor
24:15 Town Watch
27:02 Hand Cart
33:15 Ballistics
34:53 Gold Shaft Mining
34:20 Heavy Plow
35:09 Scale Barding Armor
35:14 Forging
34:37 Elite Skirmisher
36:40 Stone Mining
39:31 Imperial Age
38:20 Stone Shaft Mining
40:35 Bracer
41:22 Crop Rotation
45:05 Chemistry
45:02 Ring Archer Armor
44:25 Light Cavalry
44:59 Heavy Hei Guang Cavalry
45:59 Masonry
46:43 Chain Barding Armor
48:31 Iron Casting
requiem for you -
5:02 Loom
8:53 Feudal Age
11:09 Double-Bit Axe
12:06 Horse Collar
16:12 Wheelbarrow
17:28 Fletching
22:16 Castle Age
20:53 Padded Archer Armor
23:00 Bodkin Arrow
23:33 Leather Archer Armor
22:40 Elite Skirmisher
25:08 Ballistics
30:42 Town Watch
32:08 Stone Mining
37:02 Hand Cart
42:39 Imperial Age
40:39 Scale Mail Armor
42:51 Scale Barding Armor
43:04 Chain Mail Armor
42:46 Gold Mining
44:13 Gold Shaft Mining
44:48 Chemistry
44:56 Conscription
44:55 Scale Barding Armor
45:36 Forging
45:40 Bow Saw
47:14 Iron Casting
47:07 Squires
46:52 Arson
49:36 Blast Furnace
49:23 Chain Barding Armor
48:27 Heavy Camel Rider
49:18 Bloodlines
49:09 Husbandry
Connection lost

Rejoining the realm…

Still unreachable

The connection could not be restored.

Session expired

The server has moved on; the page needs a fresh start.